AoeStats
← Bandolero

Arabia

510305019Analyzed
1v1 RM · 24h ago on Sep 30, 2026· 41m 56s· 2 players
Game mode
Random Map
Map size
Tiny (2 player)
Population
200
Speed
Normal
Resources
Standard
Victory
Conquest
Starting age
Dark Age
Ending age
Imperial Age
RankedLock teamsTeams togetherTeam positionsShared explorationLock speedFull tech treeHidden civsTurbo modeCheats
Victory
Defeat
🇺🇸 Mapuche · United States
1394
+14
🇦🇷 Lithuanians · Argentina
1356
-14
Bandolero
6:42 Loom
9:03 Feudal Age
9:50 Double-Bit Axe
22:00 Castle Age
20:06 Gold Mining
21:43 Bloodlines
25:58 Husbandry
27:37 Scale Barding Armor
28:18 Wheelbarrow
28:27 Forging
29:35 Fletching
30:10 Town Watch
30:34 Padded Archer Armor
30:12 Elite Skirmisher
31:18 Bow Saw
31:43 Stone Mining
32:13 Bodkin Arrow
35:05 Ballistics
38:51 Imperial Age
37:22 Leather Archer Armor
39:03 Chain Barding Armor
40:34 Chemistry
39:37 Bracer
42:19 Conscription
Pagliacci
7:08 Loom
9:14 Feudal Age
9:47 Double-Bit Axe
9:50 Champi Runner
20:38 Castle Age
18:42 Fletching
19:24 Scale Mail Armor
19:33 Horse Collar
20:07 Padded Archer Armor
20:29 Gold Mining
22:07 Wheelbarrow
22:19 Bodkin Arrow
22:03 Elite Skirmisher
22:20 Crossbowman
23:04 Pikeman
24:35 Town Watch
25:59 Leather Archer Armor
28:19 Forging
27:35 Elite Skirmisher
35:15 Imperial Age
32:49 Stone Mining
35:36 Imperial Age
34:08 Iron Casting
34:37 Chain Mail Armor
35:55 Bow Saw
36:49 Malon
36:55 Butalmapu
37:10 Conscription
37:27 Ballistics
37:59 Ring Archer Armor
37:53 Conscription
37:55 Heavy Plow
39:49 Blast Furnace
40:05 Plate Mail Armor
41:17 Butalmapu
41:02 Halberdier
Connection lost

Rejoining the realm…

Still unreachable

The connection could not be restored.

Session expired

The server has moved on; the page needs a fresh start.